Map: Cyber Forest LE

Players

PeLLy - Winner!

  • Race: Zerg Zerg
  • League: Diamond
  • Spawn Location: 5:00

Kaveri

  • Race: Zerg Zerg
  • League: Platinum
  • Spawn Location: 11:00

VOD

Have the link to the VOD?

Description

Time

  • Played on: Aug. 18, 2019, 7:17 a.m.
  • Length: 10:47
Show
View Real Time Build Order
Export as new Build Order

PeLLy Zerg - Winner!

Build Orders: Hatch First 

Get SALT Encoding   

  12  0:01  Drone  
  13  0:12  Drone  
  14  0:18  Extractor, Drone  
  15  0:22  Overlord  
  15  0:40  Drone x2  
  17  0:56  Hatchery  
  16  0:59  Drone  
  16  1:00  Drone  
  18  1:15  Spawning Pool  
  18  1:17  Extractor  
  18  1:18  Drone  
  17  1:24  Drone  
  18  1:28  Drone  
  20  1:41  Drone  
  21  1:48  Overlord  
  21  1:59  Drone  
  22  2:14  Zergling x4  
  24  2:19  Queen x2  
  24  2:21  Zergling x4  
  30  2:39  Evolution Chamber  
  29  2:44  Evolution Chamber  
  29  2:50  Drone x2  
  29  2:51  Drone x2  
  32  2:59  Drone  
  32  3:00  Drone  
  34  3:10  Roach Warren  
  34  3:12  Hatchery  
  32  3:19  Queen  
  34  3:20  Drone  
  34  3:21  Drone  
  34  3:24  Extractor, Overlord x2  
  34  3:25  Drone  
  34  3:26  Extractor  
  35  3:27  Drone  
  35  3:32  Extractor  
  35  3:33  Drone  
  36  3:52  Overlord  
  36  3:54  Drone x5  
  41  4:05  Drone x3  
  45  4:10  Roach x3  
  45  4:11  Roach  
  51  4:20  Roach x2  
  55  4:28  Extractor  
  54  4:32  Drone  
  54  4:33  Drone x5  
  54  4:37  Roach  
  62  4:45  Roach x2  
  65  4:54  Lair  
  65  5:13  Overlord x4  
  65  5:29  Overlord  
  65  5:30  Overlord x2  
  65  5:31  Queen  
  65  5:33  Drone x6  
  73  5:43  Roach x3  
  79  5:51  Drone x5  
  79  5:55  Ravager x2  
  79  5:57  Ravager  
  87  6:07  Roach  
  87  6:08  Roach x4  
  97  6:14  Roach x3  
  103  6:39  Roach x2  
  107  6:45  Glial Reconstitution  
  107  6:46  Zerg Missile Weapons Level 1  
  107  6:49  Hatchery  
  106  7:06  Roach  
  106  7:07  Roach x4  
  116  7:09  Overlord  
  116  7:10  Overlord x2  
  116  7:31  Hatchery  
  115  8:11  Drone x10  
  125  8:18  Zerg Melee Weapons Level 1  
  125  8:19  Spine Crawler  
  124  8:21  Roach  
  124  8:22  Roach x3  
  132  8:34  Extractor  
  132  8:35  Extractor  
  132  8:37  Extractor  
  132  8:39  Extractor  
  128  8:47  Ravager  
  127  8:48  Ravager  
  127  8:49  Ravager x2  
  127  8:50  Roach x6  
  127  8:51  Roach x5  
  149  9:18  Ravager x2  
  149  9:19  Ravager  
  149  9:22  Pneumatized Carapace  
  149  9:23  Overseer x2  
  152  9:30  Overlord x4  
  144  9:45  Roach x4  
  152  9:47  Overlord x6  
  152  9:48  Overlord  
  152  10:04  Roach x3  
  152  10:05  Roach x5  
  164  10:20  Roach x7  
Show
View Real Time Build Order
Export as new Build Order

Kaveri Zerg 

Build Orders: Pool First 

Get SALT Encoding   

  12  0:06  Drone  
  13  0:11  Drone  
  14  0:22  Extractor x2, Drone x2  
  14  0:28  Overlord  
  16  0:39  Extractor  
  15  0:48  Drone, Spawning Pool  
  15  0:52  Drone  
  16  1:02  Drone  
  17  1:13  Drone  
  18  1:29  Hatchery  
  18  1:32  Drone  
  18  1:33  Drone  
  19  1:42  Metabolic Boost  
  19  1:46  Zergling x2  
  20  1:53  Queen  
  22  2:00  Overlord  
  22  2:23  Zergling x4  
  22  2:29  Zergling x2  
  24  2:39  Overlord  
  24  2:47  Drone  
  25  2:59  Drone x3  
  25  3:00  Roach Warren  
  25  3:03  Queen  
  29  3:11  Drone x4  
  33  3:27  Drone  
  33  3:28  Drone, Spine Crawler  
  34  3:38  Extractor  
  34  3:39  Drone x2  
  35  3:52  Overlord  
  35  3:55  Drone x3  
  38  3:57  Roach  
  38  3:58  Roach  
  42  4:12  Roach x4  
  50  4:37  Overlord  
  50  4:39  Overlord  
  50  4:41  Lair  
  50  4:43  Zergling x2  
  50  4:45  Overlord  
  51  4:46  Overlord  
  51  5:03  Zergling x10  
  51  5:04  Zergling x4  
  58  5:16  Drone x2  
  60  5:26  Hatchery  
  59  5:42  Roach x4  
  69  5:43  Roach x5  
  77  5:50  Evolution Chamber  
  77  5:52  Evolution Chamber  
  75  6:00  Roach  
  75  6:01  Roach x2  
  81  6:09  Glial Reconstitution  
  75  6:28  Roach x3  
  75  6:29  Roach x2  
  80  6:39  Zerg Missile Weapons Level 1  
  80  6:42  Zergling x8  
  80  6:43  Zergling x4  
  80  6:44  Queen  
  89  6:47  Drone x2  
  90  6:57  Overlord  
  90  6:59  Overlord  
  90  7:00  Overlord  
  90  7:01  Overlord  
  90  7:03  Overlord  
  90  7:06  Zerg Ground Armor Level 1  
  90  7:18  Zergling x6  
  90  7:19  Zergling x6  
  94  7:49  Roach x2  
  94  7:50  Roach x2  
  99  7:55  Extractor, Hydralisk Den  
  99  7:56  Drone x5  
  99  7:57  Drone, Extractor  
  95  8:23  Zergling x10  
  100  8:36  Hatchery  
  100  8:37  Overlord  
  98  8:55  Roach x2  
  102  8:56  Roach x7  
  102  8:57  Roach x2  
  118  9:03  Overlord  
  118  9:04  Overlord  
  117  9:12  Zergling x2  
  117  9:13  Zergling x10  
  122  9:28  Zergling x6  
  122  9:29  Zergling x2  
  114  9:40  Roach x4  
  122  9:58  Overlord x2  
  122  9:59  Overlord x2  
  122  10:05  Spine Crawler  
  113  10:19  Hydralisk x6  
  113  10:20  Hydralisk x2  
  124  10:27  Roach  
Tags
 
Add a new tag
Caveats
  • Supply blocks, unpowered buildings, or Contaminate may cause inaccurate times.
  • Supply counts are checked every 10 seconds.